Map: New Repugnancy LE

Players

Kas

  • Race: Terran Terran
  • League: Platinum
  • Spawn Location: 7:00

Sakura - Winner!

  • Race: Protoss Protoss
  • Spawn Location: 1:00

Event: 2019 WCS Summer

VOD

Have the link to the VOD?

Description

Time

  • Played on: July 12, 2019, 6:24 a.m.
  • Length: 5:02

All games in this series

Show
View Real Time Build Order
Export as new Build Order

Kas Terran 

Build Orders:  

Get SALT Encoding   

  12  0:00  SCV  
  13  0:12  SCV  
  14  0:17  Supply Depot  
  14  0:24  SCV  
  14  0:27  Refinery  
  15  0:38  SCV  
  16  0:44  Barracks  
  16  0:50  SCV  
  17  1:03  SCV  
  18  1:15  SCV  
  20  1:32  Orbital Command, Reaper  
  20  1:47  Command Center  
  20  1:58  Factory  
  20  2:03  SCV  
  21  2:10  Bunker  
  21  2:15  Barracks Reactor  
  21  2:18  SCV  
  22  2:23  Supply Depot  
  22  2:30  SCV  
  23  2:43  Supply Depot  
  23  2:46  Widow Mine  
  23  2:51  Marine x2  
  26  2:54  Starport  
  26  2:57  SCV  
  27  3:08  Orbital Command  
  25  3:16  Marine  
  25  3:17  Factory Tech Lab  
  24  3:30  Viking  
  25  3:35  Marine  
  25  3:37  Marine  
  27  3:43  Refinery  
  27  3:59  Marine  
  27  4:02  Marine  
  28  4:06  Viking  
  30  4:19  Widow Mine  
  30  4:20  Marine, SCV  
  30  4:21  SCV  
  34  4:37  Marine  
Show
View Real Time Build Order
Export as new Build Order

Sakura Protoss - Winner!

Build Orders:  

Get SALT Encoding   

  12  0:08  Pylon  
  12  0:12  Probe  
  13  0:26  Probe, Gateway  
  13  0:34  Probe  
  14  0:41  Assimilator  
  15  0:44  Probe  
  16  0:50  Assimilator  
  16  0:56  Probe  
  17  1:08  Probe  
  18  1:13  Cybernetics Core  
  18  1:20  Probe  
  18  1:22  Pylon  
  19  1:29  Zealot  
  21  1:34  Probe  
  22  1:52  Assimilator  
  22  1:53  Robotics Facility  
  22  1:59  Adept  
  24  2:03  Warp Gate  
  24  2:06  Probe  
  25  2:21  Probe  
  25  2:29  Stalker  
  27  2:32  Immortal  
  31  3:00  Pylon  
  31  3:02  Warp Prism  
  31  3:21  Shield Battery  
  31  3:22  Shield Battery  
  31  3:24  Shield Battery  
  31  3:27  Shield Battery  
  31  3:33  Shield Battery  
  31  3:45  Shield Battery  
  31  3:47  Pylon  
  31  3:53  Stalker  
  31  4:15  Shield Battery  
  31  4:17  Stalker  
  31  4:20  Shield Battery  
  35  4:46  Stalker  
  35  4:50  Pylon  
Tags
 
Add a new tag
Caveats
  • Supply blocks, unpowered buildings, or Contaminate may cause inaccurate times.
  • Supply counts are checked every 10 seconds.